 Dungeon Crawl Stone Soup version 0.22-a0-348-gd16d139 (webtiles) character file.

5206 sankara the Grappler (level 10, -5/96 HPs)
             Began as a Troll Transmuter on Apr 10, 2018.
             Was an Elder of Okawaru.
             Slain by a yak (14 damage)
             ... on level 9 of the Dungeon.
             The game lasted 00:24:03 (7352 turns).

sankara the Grappler (Troll Transmuter)             Turns: 7352, Time: 00:24:04

Health: -5/96      AC:  5    Str: 20    XL:     10   Next: 35%
Magic:  6/11       EV: 13    Int: 12    God:    Okawaru [****..]
Gold:   518        SH:  5    Dex: 10    Spells: 4/12 levels left

rFire    . . .     SeeInvis .     - Unarmed
rCold    . . .     Gourm    +   (shield currently unavailable)
rNeg     . . .     Faith    .   m - +0 robe
rPois    .         Spirit   .   (helmet restricted)
rElec    .         Reflect  +   (no cloak)
rCorr    .         Harm     .   (gloves unavailable)
MR       .....                  (boots unavailable)
Stlth    +++.......             u - +5 amulet of reflection
HPRegen  0.66/turn              t - ring of wizardry {Wiz+, !d}
MPRegen  0.12/turn              (no ring)

@: blade hands (expiring), heroism
A: large, unfitting armour, claws 3, fast metabolism 3, gourmand, regeneration
1, shaggy fur 1, tough skin 2
a: End Transformation, Heroism, Renounce Religion


You were on level 9 of the Dungeon.
You worshipped Okawaru.
Okawaru was greatly pleased with you.
You were very full.
You had blades for hands.
You visited 1 branch of the dungeon, and saw 9 of its levels.

You collected 518 gold pieces.

Inventory:

Hand Weapons
 b - a +0 hunting sling
   (You found it on level 2 of the Dungeon)
Missiles
 a - 169 arrows
 o - 6 large rocks (quivered) {!d}
 B - 68 sling bullets
Armour
 m - a +0 robe (worn)
Jewellery
 t - a ring of wizardry (left scythe-like blade) {Wiz+, !d}
   (You found it on level 3 of the Dungeon)
 u - a +5 amulet of reflection (around neck)
   (You found it on level 3 of the Dungeon)
 z - an uncursed ring of fire {rF+, rC-}
   (You took it off an orc on level 5 of the Dungeon)
Wands
 r - a wand of scattershot (6)
   (You found it on level 2 of the Dungeon)
 A - a wand of polymorph (21)
   (You took it off Duvessa on level 6 of the Dungeon)
 C - a wand of random effects (25)
   (You found it on level 6 of the Dungeon)
 G - a wand of clouds (6)
   (You found it on level 8 of the Dungeon)
Scrolls
 e - a scroll of fear {unknown}
 i - a scroll of enchant armour {unknown}
 j - 2 scrolls of amnesia {unknown}
 l - 7 scrolls of identify {unknown}
 n - a scroll of magic mapping {unknown}
 s - 6 scrolls of remove curse {unknown}
 x - a scroll of fog {unknown}
 y - 2 scrolls of blinking {unknown}
 E - 2 scrolls of enchant weapon {unknown}
Potions
 c - 3 potions of flight {unknown}
 f - 2 potions of haste {unknown}
 g - 5 potions of heal wounds {unknown}
 h - 2 potions of magic {unknown}
 k - 3 potions of lignification {unknown}
 p - a potion of invisibility {unknown}
 q - 3 potions of agility {unknown}
 v - 4 potions of mutation {unknown}
 w - a potion of brilliance {unknown}
 F - a potion of curing {unknown}
Comestibles
 d - 16 rations
 D - 3 chunks of flesh {@w0}


   Skills:
 - Level 5.0(10.0) Fighting
 - Level 2.1(7.1) Throwing
 + Level 4.1(9.1) Dodging
 + Level 9.2(14.2) Unarmed Combat
 - Level 1.5 Spellcasting
 + Level 6.8 Transmutations
 + Level 3.6 Invocations


You had 4 spell levels left.
You knew the following spells:

 Your Spells              Type           Power        Failure   Level  Hunger
a - Beastly Appendage     Tmut           ###...       8%          1    ##.....
b - Sticks to Snakes      Tmut           ###.....     10%         2    ###....
c - Blade Hands           Tmut           ###.......   50%         5    ######.


Dungeon Overview and Level Annotations

Branches:
Dungeon (9/15)             Temple (0/1) D:7
   Lair: D:8-11         Orc: D:9-12

Altars:
Cheibriados
Kikubaaqudgha
Okawaru
Trog

Shops:
D:4 *

Annotations:
D:5 exclusion: Blork the orc, Blork the orc


Innate Abilities, Weirdness & Mutations

You are too large for most types of armour.
You have claws for hands.
Your metabolism is lightning-fast.
You like to eat raw meat.
Your natural rate of healing is unusually fast.
You are covered in fur. (AC +1)
You have very tough skin. (AC +2)


Message History

You are too injured to fight recklessly!
You are too injured to fight recklessly!
You are too injured to fight recklessly!
The crimson imp hits you but does no damage.
You barely miss the crimson imp.
A yak comes into view.
You claw the crimson imp!
You kill the crimson imp!
Okawaru accepts your kill.
The porcupine bites you but does no damage.
A yak comes into view.
The porcupine misses you.
You see here 2 chunks of flesh {@w0}.
You are struck by the porcupine's spines.
You mangle the porcupine!!
You kill the porcupine!
Okawaru accepts your kill.
There is a stone staircase leading up, spattered with blood here.
Casting: Blade Hands (quite dangerous; 21% risk of failure)
Confirm with . or Enter, or press ? or * to list all spells.
Your hands turn into razor-sharp scythe blades.
A yak comes into view.
You are too injured to fight recklessly!
You are too injured to fight recklessly!
You are too injured to fight recklessly!
The yak bellows!
You hit the yak but do no damage.
You hear a bellow!
The yak barely misses you. The yak closely misses you.
You slice the yak!!
The yak is severely wounded.
The yak gores you. x2
You shred the yak!!!
You kill the yak!
Okawaru accepts your kill.
You slice the yak!!
The yak is heavily wounded.
The yak gores you!
A yak comes into view.
You slash the yak!
The yak is severely wounded.
The yak closely misses you.
You barely miss the yak. Your slash misses the yak.
The yak is severely wounded.
The yak barely misses you.
A yak comes into view.
The yak bellows!
You shred the yak!!!
You kill the yak!
Okawaru accepts your kill.
Your Dodging skill increases to level 4!
A yak comes into view.
The yak bellows!
You hit the yak.
The yak is lightly wounded.
You hear an angry growl.
The yak gores you but does no damage.
You hit the yak.
The yak is moderately wounded.
The yak closely misses you.
You slice the yak!!
You kill the yak!
Okawaru accepts your kill.
A black bear comes into view.
You shred the yak!!!
You kill the yak!
Okawaru accepts your kill.
Training target 5.0 for Fighting reached!
Your Fighting skill increases to level 5!
You hear an angry hiss.
You hit the yak.
The yak is lightly wounded.
The yak gores you!
An adder comes into view.
You hit the yak.
The yak is lightly wounded.
The yak barely misses you. The yak gores you!
* * * LOW HITPOINT WARNING * * *
You barely miss the yak.
The yak is lightly wounded.
Your transformation is almost over.
The yak barely misses you.
You gain the combat prowess of a mighty hero.
The yak gores you!
* * * LOW HITPOINT WARNING * * *
The yak closely misses you.
You shred the black bear!!!
You kill the black bear!
Okawaru accepts your kill. The yak closely misses you. x2
You slash the yak!
The yak is moderately wounded.
You block the yak's attack.
You slice the adder!!
You kill the adder!
Okawaru accepts your kill. The yak gores you.
* * * LOW HITPOINT WARNING * * *
The yak gores you!
You die...

#...... ..#
#.....##..#
#.........#
#.........### .
#...%.# .....
..##.....##(....
..........).....
.......YY†.......
#####...@)######.
.............#
......?......+
.......?........
..##.....##..##.
.....>.... ....
.#....... ...?
#...##.## .#..


You could see 2 yaks.

Vanquished Creatures
  The ghost of TheNamelessOne the Chopper, an amateur DsCK of Xom (D:3)
  4 yaks (D:9)
  A hungry ghost (D:7)
  2 soldier ants (D:8)
  A porcupine (D:9)
  Duvessa (D:6)
  4 orc warriors
  A black bear (D:9)
  An ice beast (D:6)
  4 phantoms
  A sky beast (D:5)
  3 ogres
  2 centaurs
  2 big kobolds
  2 bullfrogs
  A gnoll sergeant (D:8)
  Dowan (D:6)
  A scorpion (D:4)
  13 killer bees
  2 howler monkeys
  4 crimson imps
  3 hounds (D:8)
  2 bullfrog zombies
  2 jellies (D:7)
  3 orc priests
  4 orc wizards
  3 bullfrog skeletons
  2 iguanas
  10 worker ants
  A hound zombie (D:7)
  2 hound skeletons
  A worker ant zombie (D:7)
  A howler monkey zombie (D:8)
  8 gnolls
  8 adders
  5 oozes
  An adder zombie (D:7)
  An adder skeleton (D:7)
  5 worms
  A dart slug (D:1)
  7 leopard geckos
  26 orcs
  3 giant cockroaches
  5 hobgoblins
  9 jackals
  18 kobolds
  3 quokkas
  2 ball pythons
  8 bats
  6 frilled lizards
  7 goblins
  A jackal skeleton (D:4)
  A leopard gecko skeleton (D:4)
  7 rats
218 creatures vanquished.

Vanquished Creatures (others)
  A centaur (D:6)
  14 fungi (D:9)
  3 plants (D:9)
18 creatures vanquished.

Grand Total: 236 creatures vanquished

Notes
Turn   | Place    | Note
-------+----------+-------------------------------------------
     0 | D:1      | sankara the Troll Transmuter began the quest for the Orb.
     0 | D:1      | Reached XP level 1. HP: 18/18 MP: 1/1
    88 | D:1      | Reached XP level 2. HP: 16/26 MP: 0/3
   581 | D:1      | Learned a level 2 spell: Sticks to Snakes
   586 | D:1      | Reached XP level 3. HP: 32/32 MP: 4/4
   883 | D:2      | Reached skill level 2 in Transmutations
  1096 | D:2      | Reached XP level 4. HP: 34/40 MP: 5/5
  1157 | D:2      | Reached skill level 4 in Unarmed Combat
  1718 | D:3      | Found a faded altar of an unknown god.
  1741 | D:3      | Noticed TheNamelessOne's ghost (amateur DsCK)
  2205 | D:3      | HP: 9/40 [TheNamelessOne's ghost (8)]
  2248 | D:3      | HP: 8/40 [TheNamelessOne's ghost (11)]
  2250 | D:3      | Killed TheNamelessOne's ghost
  2250 | D:3      | Reached skill level 2 in Throwing
  2250 | D:3      | Reached skill level 3 in Transmutations
  2250 | D:3      | Reached XP level 5. HP: 10/46 MP: 4/6
  2250 | D:3      | Reached XP level 6. HP: 12/54 MP: 4/7
  2527 | D:4      | Reached skill level 5 in Unarmed Combat
  2744 | D:4      | Reached XP level 7. HP: 41/61 MP: 8/8
  2875 | D:4      | Found Waell's General Store.
  2921 | D:4      | Reached skill level 6 in Unarmed Combat
  2921 | D:4      | Reached skill level 4 in Transmutations
  2928 | D:4      | Learned a level 5 spell: Blade Hands
  3267 | D:5      | Entered Level 5 of the Dungeon
  3372 | D:5      | Reached skill level 1 in Fighting
  3424 | D:5      | Found an iron altar of Okawaru.
  3788 | D:5      | Found a bloodstained altar of Trog.
  3788 | D:5      | Noticed Blork the orc
  3992 | D:5      | Found an ancient bone altar of Kikubaaqudgha.
  4188 | D:5      | Became a worshipper of Warmaster Okawaru
  4226 | D:6      | Reached XP level 8. HP: 67/70 MP: 9/9
  4261 | D:6      | Reached skill level 2 in Fighting
  4261 | D:6      | Reached skill level 7 in Unarmed Combat
  4319 | D:6      | Reached skill level 5 in Transmutations
  4656 | D:6      | Noticed Duvessa
  4658 | D:6      | Reached * piety under Okawaru
  4660 | D:6      | Noticed Dowan
  4686 | D:6      | Reached skill level 3 in Fighting
  4687 | D:6      | Killed Duvessa
  4692 | D:6      | Killed Dowan
  5042 | D:6      | Found a snail-covered altar of Cheibriados.
  5324 | D:7      | Reached skill level 8 in Unarmed Combat
  5369 | D:7      | Reached XP level 9. HP: 70/83 MP: 10/10
  5452 | D:7      | Reached skill level 2 in Dodging
  5464 | D:7      | Reached ** piety under Okawaru
  5624 | D:7      | Reached skill level 6 in Transmutations
  5643 | D:7      | Found a staircase to the Ecumenical Temple.
  5776 | D:7      | Reached skill level 1 in Invocations
  6093 | D:7      | Reached skill level 4 in Fighting
  6234 | D:8      | Reached skill level 3 in Dodging
  6264 | D:8      | Reached skill level 2 in Invocations
  6361 | D:8      | Reached *** piety under Okawaru
  6826 | D:8      | Reached XP level 10. HP: 83/94 MP: 5/11
  6895 | D:8      | Reached skill level 9 in Unarmed Combat
  6899 | D:8      | Reached skill level 3 in Invocations
  7268 | D:9      | Reached **** piety under Okawaru
  7339 | D:9      | Reached skill level 4 in Dodging
  7344 | D:9      | Reached skill level 5 in Fighting
  7347 | D:9      | HP: 23/96 [yak (11)]
  7349 | D:9      | HP: 11/96 [yak (13)]
  7352 | D:9      | Slain by a yak

Vault maps used:
D:1:      lightli_arrival_farm
D:3:      chequers_ecumenical_altar_twisty
D:4:      first_ration, serial_shops, nicolae_shop_statue_plus,
          hangedman_abyss_or_decor_slice
D:5:      kennysheep_little_box, lightli_temple_of_fire, kennysheep_mini_moat,
          uniq_blork_the_orc
D:6:      cheibrodos_worm_habitat, grunt_ministairs_7, uniq_duvessa
D:7:      temple_pool_b
D:8:      hangedman_pestilent_swarm
D:9:      nemelex_xobeh_ov_fountains_minmay, overflow_temple_1_default,
          gammafunk_temple_overflow_pools, due_lair_maze_entry_diamond,
          serial_glass, glass_columns_b, glass_columns_b, uniq_maurice

Skill      XL: |  1  2  3  4  5  6  7  8  9 10 |
---------------+-------------------------------+-----
Transmutations | 2 3 4 5 6 |  6.8
Unarmed Combat | 4 5 6 8 9 |  9.2
Throwing       | 2 |  2.1
Fighting       | 1 3 4 5 |  5.0
Dodging        | 3 4 |  4.1
Invocations    | 2 3 |  3.6
Spellcasting   | |  1.5

Action                   |  1- 3 |  4- 6 |  7- 9 | 10-12 || total
-------------------------+-------+-------+-------+-------++-------
Melee: Unarmed           |   106 |   142 |   369 |    41 ||   658
       Punch             |     1 |     2 |    11 |       ||    14
       Kick              |       |     7 |       |       ||     7
       Headbutt          |       |     7 |       |       ||     7
 Cast: Beastly Appendage |     1 |     7 |       |       ||     8
       Sticks to Snakes  |       |     2 |       |       ||     2
       Blade Hands       |       |       |    10 |     3 ||    13
Invok: Heroism           |       |       |     3 |     1 ||     4
  Eat: Chunk             |    16 |    12 |    52 |     5 ||    85
Armor: Robe              |    38 |    36 |    70 |     8 ||   152
Dodge: Dodged            |    61 |    37 |   156 |    26 ||   280
Block: Other             |       |    14 |    72 |     6 ||    92
       Reflection        |       |       |     3 |       ||     3

Table legend:
 A = Spawn XP
 B = Non-spawn XP
 C = Spawn XP percentage of total XP
 D = Spawn monster count
 E = Non-spawn monster count
 F = Spawn count percentage of total count
 G = Total turns spent on level
                    A         B        C        D         E        F      G
               +---------+---------+-------+---------+---------+-------+---------
         Total |       0 |    7438 |   0.0 |       0 |     219 |   0.0 |  7352
               +---------+---------+-------+---------+---------+-------+---------
           D:1 |       0 |      43 |   0.0 |       0 |      26 |   0.0 |   842
           D:2 |       0 |      98 |   0.0 |       0 |      27 |   0.0 |   894
           D:3 |       0 |     302 |   0.0 |       0 |       9 |   0.0 |   773
           D:4 |       0 |     645 |   0.0 |       0 |      20 |   0.0 |   758
           D:5 |       0 |     287 |   0.0 |       0 |      17 |   0.0 |   946
           D:6 |       0 |    1237 |   0.0 |       0 |      21 |   0.0 |  1041
           D:7 |       0 |    1407 |   0.0 |       0 |      38 |   0.0 |   966
           D:8 |       0 |    1872 |   0.0 |       0 |      47 |   0.0 |  1036
           D:9 |       0 |    1547 |   0.0 |       0 |      14 |   0.0 |    96
               +---------+---------+-------+---------+---------+-------+---------

Vault maps used:
D:1:      lightli_arrival_farm
D:3:      chequers_ecumenical_altar_twisty
D:4:      first_ration, serial_shops, nicolae_shop_statue_plus,
          hangedman_abyss_or_decor_slice
D:5:      kennysheep_little_box, lightli_temple_of_fire, kennysheep_mini_moat,
          uniq_blork_the_orc
D:6:      cheibrodos_worm_habitat, grunt_ministairs_7, uniq_duvessa
D:7:      temple_pool_b
D:8:      hangedman_pestilent_swarm
D:9:      nemelex_xobeh_ov_fountains_minmay, overflow_temple_1_default,
          gammafunk_temple_overflow_pools, due_lair_maze_entry_diamond,
          serial_glass, glass_columns_b, glass_columns_b, uniq_maurice

Table legend:
 A = Turns spent in this place as a percentage of turns spent in the entire game.
 B = Non-inter-level travel turns spent in this place as a percentage of non-inter-level travel turns spent in the entire game.
 C = Inter-level travel turns spent in this place as a percentage of turns spent in this place.
 D = Turns resting spent in this place as a percentage of non-inter-level travel turns spent in this place.
 E = Turns spent auto-exploring this place as a percentage of non-inter-level travel turns spent in this place.
 F = Non-inter-level travel turns spent in this place divided by the number of levels of this place that you've seen.
                   A       B       C       D       E      F
               +-------+-------+-------+-------+-------+----------------------
         Total | 100.0 | 100.0 |   5.3 |   9.6 |  64.5 | 773.7
       Dungeon | 100.0 | 100.0 |   5.3 |   9.6 |  64.5 | 773.7
               +-------+-------+-------+-------+-------+----------------------

Table legend:
 A = Kills in this place as a percentage of kills in entire the game.
 B = Kills by you in this place as a percentage of kills by you in the entire game.
 C = Kills by friends in this place as a percentage of kills by friends in the entire game.
 D = Other kills in this place as a percentage of other kills in the entire game.
 E = Experience gained in this place as a percentage of experience gained in the entire game.
 F = Experience gained in this place divided by the number of levels of this place that you have seen.
                   A       B       C       D       E      F
               +-------+-------+-------+-------+-------+----------------------
         Total | 100.0 | 100.0 |   N/A | 100.0 | 100.0 | 826.4
       Dungeon | 100.0 | 100.0 |   N/A | 100.0 | 100.0 | 826.4
               +-------+-------+-------+-------+-------+----------------------
